 Dungeon Crawl Stone Soup version 0.17-a0-72-gd614ac0 (webtiles) character file.

16 Chiseanne the Magician (level 2, -1/17 HPs)
             Began as an Octopode Wizard on Mar 13, 2015.
             Slain by a worm (9 damage)
             ... on level 2 of the Dungeon.
             The game lasted 00:02:14 (1708 turns).

Chiseanne the Magician (Octopode Wizard)            Turns: 1708, Time: 00:02:14

Health: -1/17      AC:  1    Str:  9    XL:     2   Next: 54%
Magic:  0/6        EV: 12    Int: 20    God:
Gold:   16         SH:  0    Dex: 10    Spells: 3 memorised, 2 levels left

rFire  . . .     SeeInvis .     g - +0 short sword
rCold  . . .     Clarity  .     (no shield)
rNeg   . . .     SustAb   .     b - +0 hat
rPois  .         Gourm    .     (no amulet)
rElec  .         Spirit   .     i - +3 ring of strength
rCorr  .         Warding  .     (no ring)
rMut   .         Stasis   .     (no ring)
MR     .....                    (no ring)
Stlth  +++.......               (no ring)
                                (no ring)
                                (no ring)
                                (no ring)

@: very slightly contaminated, not resistant to hostile enchantments, fairly
stealthy
A: almost no armour, amphibious, 8 rings, constrict 8, camouflage 1, gelatinous
body 1
a: no special abilities


You were on level 2 of the Dungeon.
You were not hungry.

You visited 1 branch of the dungeon, and saw 2 of its levels.

You collected 16 gold pieces.

Inventory:

Hand weapons
 g - a +0 short sword (weapon)
Missiles
 h - 15 sling bullets
 k - 7 tomahawks (quivered)
 m - 13 bolts
Armour
 b - a +0 hat (worn)
Jewellery
 i - a +3 ring of strength (left tentacle)
Scrolls
 n - a scroll of remove curse
Potions
 a - a potion of haste {unknown}
 e - a potion of restore abilities
 l - a potion of heal wounds {unknown}
Books
 c - a book of Minor Magic

   Spells                             Type                      Level
   a - Magic Dart                     Conjuration                  1
   b - Blink                          Translocation                2
   c - Call Imp                       Summoning                    2
   d - Repel Missiles                 Charms/Air                   2
   e - Slow                           Hexes                        2
   f - Conjure Flame                  Conjuration/Fire             3
   g - Mephitic Cloud                 Conjuration/Poison/Air       3
Comestibles
 d - 2 bread rations
 f - 3 meat rations


   Skills:
 * Level 0.2 Fighting
 * Level 2.1 Dodging
 * Level 2.9 Stealth
 * Level 3.3 Spellcasting
 * Level 1.3 Conjurations
   Level 1.0 Summonings
 - Level 1.0 Translocations


You had 2 spell levels left.
You knew the following spells:

 Your Spells              Type           Power        Failure   Level  Hunger
a - Magic Dart            Conj           #...         10%         1    None
b - Blink                 Tloc           N/A          17%         2    ##.....
c - Repel Missiles        Chrm/Air       #.....       24%         2    ##.....


Dungeon Overview and Level Annotations

Branches:
Dungeon (2/15)

Altars:


Innate Abilities, Weirdness & Mutations

You cannot wear most types of armour.
You are amphibious.
You can wear up to eight rings at the same time.
You can use your tentacles to constrict many enemies at once.
Your skin changes colour to match your surroundings (Stealth).
Your rubbery body absorbs attacks (AC +1).


Message History

You miscast Magic Dart.
Your skin glows momentarily.
Casting: Magic Dart
Confirm with . or Enter, or press ? or * to list all spells.
You don't have enough magic to cast that spell.
Casting: Magic Dart
Confirm with . or Enter, or press ? or * to list all spells.
You don't have enough magic to cast that spell.
Casting: Magic Dart
Confirm with . or Enter, or press ? or * to list all spells.
You don't have enough magic to cast that spell.
You barely miss the worm. Your grab misses the worm. You squeeze the worm.
The worm is heavily wounded.
You hit the worm. Your grab misses the worm.
The worm is heavily wounded.
The worm bites you.
You hit the worm! You grab the worm. You squeeze the worm.
The worm is almost dead.
You constrict the worm. The worm bites you!
Ouch! That really hurt!
You die...

## .# .# ### .# ##
##.# .# #.
#..###.##
#####.##..##...#
#.......<..w@#
..........#...#...#
...#####.....#####
... #...#...# ..
#.......# #.
#...###.#
####.#####.# #.#
......w....# #.#
####..#.#.## #.#


You could see a worm.

Vanquished Creatures
  A giant gecko (D:1)
  An ooze (D:1)
  A giant cockroach (D:1)
  A hobgoblin (D:1)
  A kobold (D:1)
  A bat (D:1)
  6 goblins
  A rat (D:1)
13 creatures vanquished.

Notes
Turn   | Place    | Note
--------------------------------------------------------------
     0 | D:1      | Chiseanne, the Octopode Wizard, began the quest for the Orb.
     0 | D:1      | Reached XP level 1. HP: 11/11 MP: 4/4
   544 | D:1      | Reached XP level 2. HP: 17/17 MP: 6/6
  1690 | D:1      | Learned a level 2 spell: Blink
  1693 | D:1      | Learned a level 2 spell: Repel Missiles
  1708 | D:2      | Slain by a worm

Action                   || total
-------------------------++-------
Melee: Unarmed           ||     8
       Short sword       ||     4
 Cast: Magic Dart        ||    40
  Use: Scroll            ||     4
  Eat: Chunk             ||     2
